 Dungeon Crawl Stone Soup version 0.29-a0-557-g43b9904bd1 (webtiles) character file.

Game seed: 4897377756904316192

16 freelancePsychic the Grasshopper (level 2, -3/25 HPs)
             Began as a Draconian Warper on June 9, 2022.
             Slain by Jessica
             ... wielding a +4 club
              (6 damage)
             ... on level 2 of the Dungeon.
             The game lasted 00:01:23 (1033 turns).

freelancePsychic the Grasshopper (Draconian Warper) Turns: 1033, Time: 00:01:24

Health: -3/25      AC:  4    Str: 13    XL:     2   Next: 41%
Magic:  5/5        EV: 12    Int: 13    God:
Gold:   68         SH:  0    Dex: 10    Spells: 5/5 levels left

rFire   + . .      SeeInvis .   a - +0 spear
rCold   + . .      Faith    .   (no shield)
rNeg    . . .      Spirit   .   (body armour unavailable)
rPois   +          Reflect  .   (helmet restricted)
rElec   +          Harm     .   (no cloak)
rCorr   +          Rampage  .   (no gloves)
Will    .....                   (no boots)
Stlth   +.........              (no amulet)
HPRegen 0.08/turn               (no ring)
MPRegen 0.09/turn               (no ring)

@: resistant, hasted, very quick
A: AC +4, unfitting armour, cold-blooded
a: no special abilities


You were on level 2 of the Dungeon.
You visited 1 branch of the dungeon, and saw 2 of its levels.

You collected 68 gold pieces.

Inventory:

Hand Weapons
 a - a +0 spear (weapon)
Missiles
 f - 3 poisoned darts (quivered)
Scrolls
 b - a scroll of blinking
 g - a scroll of noise {unknown}
 i - a scroll of identify {@r1}
Potions
 d - a potion of haste {@q3}


   Skills:
 + Level 2.6 Fighting
 * Level 2.7 Polearms
 + Level 1.0 Throwing
 - Level 2.1 Dodging
 - Level 2.0 Spellcasting
 - Level 3.0 Translocations


You had 5 spell levels left.
You didn't know any spells.
Your spell library contained the following spells:

 Spells                   Type           Power      Damage    Failure   Level
 Blink                    Tloc           18%        N/A       11%         2
 Gell's Gravitas          Tloc           9%         N/A       22%         3
 Lesser Beckoning         Tloc           9%         N/A       22%         3
 Teleport Other           Tloc           9%         N/A       22%         3
 Manifold Assault         Tloc           9%         N/A       90%         5


Dungeon Overview and Level Annotations

Branches:
Dungeon (2/15)

Altars:

Annotations:
D:2 Jessica


Innate Abilities, Weirdness & Mutations

Your plain brown scales are hard. (AC +4)
You cannot fit into any form of body armour.
You are cold-blooded and may be slowed by cold attacks.


Message History

Aim: an adder (heavily wounded, 35% to hit)
You throw a boomerang of dispersal.
The boomerang of dispersal hits the adder but does no damage.
The adder is heavily wounded.
The bat hits you but does no damage. The adder bites you but does no damage.
Jessica says, "I'm really upset."
Jessica gestures wildly while chanting.
Jessica blinks!
Throw: 2 boomerangs (disperse)
Press: ? - help, Q - select action, (/) - cycle Shift-Dir - straight line, f/p - adder
Aim: an adder (heavily wounded, 35% to hit)
You throw a boomerang of dispersal.
The boomerang of dispersal hits the adder.
The adder blinks!
The bat closely misses you.
Jessica points at you and mumbles some strange words.
Pain shoots through your body!
* * * LOW HITPOINT WARNING * * *
It was a potion of curing.
You feel better.
You feel better. The bat closely misses you.
Throw: boomerang (disperse)
Press: ? - help, Q - select action, (/) - cycle Shift-Dir - straight line, f - bat
Aim: a bat (39% to hit)
You throw a boomerang of dispersal.
The boomerang of dispersal closely misses the bat.
The bat hits you.
You hit Jessica but do no damage.
Jessica is severely wounded.
Jessica hits you with a +4 club!
* * * LOW HITPOINT WARNING * * *
You closely miss Jessica.
Your tail-slap misses Jessica.
Jessica is severely wounded.
The bat hits you but does no damage. Jessica misses you.
It was a potion of resistance.
You feel protected. The bat hits you but does no damage.
Jessica closely misses you.
You hit Jessica but do no damage. You tail-slap Jessica.
Jessica is almost dead.
The bat hits you but does no damage. Jessica hits you with a +4 club.
You die...

.. .##. ... #
.). .).#.#.. .
...#.#
....##((## #
......†..## .#
.......#..#
###.
....#####@##
#.. ##. #.@##
#.#
##.b#####.#####
##...##......#
###.........#
####...>..#
.###......#
........<..#
#>.#.#.#####
##...#.#


You could see Jessica (fast) and a bat.

Vanquished Creatures
  A dart slug (D:2)
  An endoplasm (D:1)
  3 giant cockroaches
  2 goblins (D:1)
  2 hobgoblins
  2 bats
  A kobold (D:1)
12 creatures vanquished.

Notes
Turn   | Place    | Note
-------+----------+-------------------------------------------
     0 | D:1      | freelancePsychic the Draconian Warper began the quest for
                  | the Orb.
     0 | D:1      | Reached XP level 1. HP: 17/17 MP: 3/3
     7 | D:1      | Noticed a black bear
     7 | D:1      | Noticed a swamp drake
     7 | D:1      | Noticed a killer bee
     8 | D:1      | Noticed a water moccasin
     8 | D:1      | Noticed a snapping turtle
   442 | D:1      | Reached XP level 2. HP: 25/25 MP: 5/5
   604 | D:1      | Found a faded altar of an unknown god.
   978 | D:2      | Noticed Jessica
   994 | D:2      | Reached skill level 1 in Throwing
  1033 | D:2      | Slain by Jessica

Illustrated notes

Levels and vault maps discovered:
D:1:      onia_arrival_zoo_common, layout_loops_cross,
          ebering_ecumenical_altar_hall
D:2:      layout_rooms, kennysheep_generic_room_3, uniq_robin, uniq_jessica

Skill      XL: |  1  2 |
---------------+-------+-----
Throwing       | 1 |  1.0
Fighting       | |  2.6
Polearms       | |  2.7
Dodging        | |  2.1
Spellcasting   | |  2.0
Translocations | |  3.0

Action                   || total
-------------------------++-------
Melee: Spear             ||    71
       Tailslap          ||     5
       Punch             ||     1
Throw: Boomerang         ||     7
       Dart              ||     2
  Use: Scroll            ||     2
       Potion            ||     4
Armor: Skin              ||    40
Dodge: Dodged            ||    62

Table legend: (Time is in decaauts)
 A = Elapsed time spent in this place.
 B = Non-inter-level travel time spent in this place.
 C = Inter-level travel time spent in this place.
 D = Time resting spent in this place.
 E = Time spent auto-exploring this place.
 F = Levels seen in this place.
 G = Mean time per level.
                   A        B        C        D        E       F      G
               +--------+--------+--------+--------+--------+-----+--------+
         Total |   1017 |    976 |     41 |      0 |    866 |   2 |  508.5 |
       Dungeon |   1017 |    976 |     41 |      0 |    866 |   2 |  508.5 |
               +--------+--------+--------+--------+--------+-----+--------+

Top non-repeatable levels by time:
     D:1: 958 daAuts
     D:2: 59 daAuts
